Map: Acropolis LE

Players

Rob - Winner!

  • Race: Protoss Protoss
  • Spawn Location: 5:00

Caerwyn

  • Race: Terran Terran
  • Spawn Location: 11:00

VOD

Have the link to the VOD?

Description

Time

  • Played on: Sept. 6, 2019, 12:24 p.m.
  • Length: 8:45
Show
View Real Time Build Order
Export as new Build Order

Rob Protoss - Winner!

Build Orders: 1 Gate Expand, Blink Stalkers 

Get SALT Encoding   

  12  0:00  Probe  
  13  0:12  Probe  
  14  0:17  Pylon  
  14  0:24  Probe  
  15  0:32  Probe  
  15  0:37  Gateway  
  15  0:40  Probe  
  16  0:48  Assimilator  
  17  0:51  Probe  
  18  1:03  Probe  
  19  1:15  Probe  
  20  1:25  Nexus  
  20  1:34  Probe  
  20  1:35  Cybernetics Core  
  21  1:42  Probe  
  21  1:45  Assimilator  
  22  1:53  Probe  
  22  1:57  Pylon  
  23  2:07  Adept  
  23  2:09  Probe  
  23  2:11  Warp Gate  
  25  2:21  Probe  
  26  2:33  Probe  
  27  2:37  Stalker  
  27  2:39  Probe  
  30  2:44  Probe  
  31  2:51  Probe  
  31  2:52  Probe  
  33  3:01  Gateway  
  33  3:02  Gateway  
  33  3:03  Probe x2  
  34  3:10  Stalker  
  34  3:11  Probe  
  37  3:15  Probe  
  39  3:20  Pylon, Probe  
  40  3:27  Probe  
  40  3:32  Twilight Council, Probe  
  42  3:39  Probe  
  43  3:46  Robotics Facility  
  43  3:47  Forge  
  43  3:49  Probe  
  43  3:52  Probe  
  45  3:56  Blink  
  45  4:01  Nexus  
  45  4:07  Protoss Ground Weapons Level 1  
  45  4:09  Stalker  
  47  4:25  Pylon  
  47  4:26  Observer, Stalker x2  
  47  4:28  Probe  
  47  4:30  Probe  
  54  4:43  Probe x2  
  56  4:46  Pylon  
  56  4:55  Probe x2  
  56  4:56  Stalker x2  
  60  5:01  Pylon  
  60  5:07  Probe x2  
  60  5:10  Gateway  
  60  5:12  Gateway  
  60  5:13  Gateway  
  62  5:16  Gateway, Probe  
  63  5:22  Gateway  
  63  5:26  Gateway  
  63  5:27  Probe  
  63  5:28  Probe x2  
  66  5:39  Pylon  
  66  5:40  Probe x3  
  69  5:43  Stalker x2  
  69  5:44  Charge  
  69  5:48  Pylon  
  73  5:52  Probe  
  73  5:54  Pylon  
  74  5:58  Observer  
  74  6:00  Nexus  
  74  6:09  Protoss Ground Armor Level 1  
  72  6:15  Probe x3  
  72  6:18  Pylon x2  
  75  6:19  Pylon  
  75  6:27  Probe  
  75  6:30  Zealot  
  75  6:31  Zealot x8  
  94  6:36  Probe x2  
  94  6:39  Pylon, Probe  
  97  7:02  Observer  
  97  7:13  Zealot  
  97  7:14  Zealot x8  
  115  7:17  Pylon  
  115  7:18  Pylon  
  115  7:21  Forge  
  115  7:25  Probe x4  
  119  7:35  Stalker x4  
  119  7:36  Stalker x5  
  137  7:44  Probe  
  137  7:45  Probe x2  
  140  7:54  Pylon  
  112  8:05  Stalker  
  104  8:06  Zealot, Stalker x5  
  104  8:07  Zealot x2  
  112  8:28  Zealot x4  
  112  8:29  Zealot x5  
  112  8:32  Pylon  
  112  8:33  Pylon  
  130  8:35  Pylon  
Show
View Real Time Build Order
Export as new Build Order

Caerwyn Terran 

Build Orders: Reaper Expand 

Get SALT Encoding   

  12  0:00  SCV  
  13  0:13  SCV  
  14  0:17  Supply Depot  
  14  0:25  SCV  
  15  0:38  SCV  
  15  0:39  Barracks  
  16  0:44  Refinery  
  16  0:50  SCV  
  17  1:02  SCV  
  18  1:14  SCV  
  19  1:27  Orbital Command, Reaper  
  20  1:42  Command Center  
  20  1:54  Supply Depot  
  20  1:55  SCV  
  21  2:04  Marine  
  21  2:05  Refinery  
  22  2:12  SCV  
  23  2:18  Factory  
  23  2:24  SCV  
  23  2:26  Barracks Reactor  
  24  2:37  SCV  
  25  2:49  SCV  
  26  2:54  Orbital Command  
  26  2:57  Bunker  
  26  3:02  Factory Tech Lab, Marine x2  
  26  3:05  Starport  
  28  3:12  SCV  
  30  3:20  SCV  
  30  3:24  Marine x2  
  32  3:32  Siege Tank  
  34  3:38  SCV x2  
  36  3:42  Supply Depot  
  36  3:45  Marine x2  
  38  3:48  Refinery  
  38  3:50  SCV  
  39  3:55  Starport Tech Lab  
  39  3:57  SCV  
  39  4:02  SCV  
  41  4:05  Supply Depot  
  41  4:08  Marine x2  
  41  4:09  Siege Tank, SCV  
  47  4:18  SCV  
  47  4:21  SCV  
  47  4:23  Raven  
  50  4:29  Barracks  
  50  4:30  SCV  
  51  4:33  Barracks, Marine, SCV  
  51  4:34  Marine  
  54  4:42  SCV  
  54  4:48  SCV  
  54  4:52  Engineering Bay  
  54  4:54  Marine x2  
  54  4:55  Siege Tank  
  59  5:02  SCV x2  
  61  5:10  Supply Depot  
  61  5:13  Marine  
  62  5:17  Starport Reactor  
  62  5:18  Supply Depot  
  62  5:21  Terran Infantry Weapons Level 1  
  62  5:25  Refinery  
  62  5:28  Stimpack  
  62  5:31  SCV x2, Marine x2  
  69  5:36  Marine  
  66  5:44  SCV x2  
  66  5:46  Supply Depot  
  66  5:49  Marine  
  69  5:50  Marauder, Factory Tech Lab  
  69  5:52  Marine  
  69  5:54  Marine  
  69  5:55  Medivac  
  69  5:56  SCV x2  
  77  5:58  Medivac  
  77  6:02  Supply Depot  
  79  6:06  Combat Shield  
  79  6:07  Marine  
  79  6:08  SCV  
  79  6:09  Marine  
  82  6:15  SCV  
  82  6:16  Marine x2  
  85  6:20  Siege Tank  
  85  6:25  Marine  
  89  6:28  Medivac  
  89  6:29  Supply Depot  
  91  6:32  Medivac  
  91  6:33  Marine  
  91  6:34  Marine  
  91  6:38  Marauder  
  97  6:42  Marine  
  98  6:53  Marine  
  98  6:54  Marauder  
  99  6:55  Siege Tank  
  99  6:59  Barracks  
  99  7:00  Barracks  
  102  7:08  Marine  
  102  7:09  Marauder  
  102  7:10  Medivac x2  
  102  7:11  Marine  
  109  7:26  Marine  
  110  7:54  Marine x2  
  110  7:56  Marauder  
  110  7:57  Marauder, Siege Tank  
  109  7:58  Marine x2  
  100  8:12  Marine x2  
  100  8:16  Marine  
  100  8:17  Marauder  
  100  8:18  Marauder  
Tags
 
Add a new tag
Caveats
  • Supply blocks, unpowered buildings, or Contaminate may cause inaccurate times.
  • Supply counts are checked every 10 seconds.